 Dungeon Crawl Stone Soup version 0.20.1-1-g8b1a95d (webtiles) character file.

27744 Lanoc the Grappler (level 13, -12/139 HPs)
             Began as a Troll Monk on Dec 15, 2017.
             Was the Champion of Okawaru.
             Mangled by Snorg (26 damage)
             ... on level 13 of the Dungeon.
             The game lasted 01:02:02 (13494 turns).

Lanoc the Grappler (Troll Monk)                    Turns: 13494, Time: 01:02:03

Health: -12/139    AC:  7    Str: 24    XL:     13   Next: 6%
Magic:  17/17      EV: 15    Int:  6    God:    Okawaru [******]
Gold:   1006       SH:  0    Dex: 16    Spells: 9/12 levels left

rFire    + . .     SeeInvis .     - Unarmed
rCold    + + +     Gourm    +   (no shield)
rNeg     + . .     Faith    .   u - +2 robe {rC+ rF+}
rPois    .         Spirit   .   (helmet restricted)
rElec    .         Reflect  .   N - scarf {rC+ rF+}
rCorr    .         Harm     .   (gloves unavailable)
MR       .....                  (boots unavailable)
Stlth    ++........             (no amulet)
Regen    0.8/turn               A - ring of ice
MPRegen  0.2/turn               e - ring of positive energy

@: about to teleport, barbed spikes, invisible
A: unfitting armour, claws 3, hooves 1, fast metabolism 3, gourmand,
regeneration 1, robust 1, shaggy fur 1, strong 1, tough skin 2
a: Heroism, Finesse, Renounce Religion


You were on level 13 of the Dungeon.
You worshipped Okawaru.
Okawaru was exalted by your worship.
You were very full.

You visited 2 branches of the dungeon, and saw 14 of its levels.
You also visited: Ice Cave.

You collected 1249 gold pieces.
You spent 243 gold pieces at shops.

Inventory:

Hand Weapons
 z - a +6 blowgun
Missiles
 a - 7 tomahawks of dispersal
 d - 7 needles of sleeping
 h - 92 poisoned needles
 i - 2 tomahawks of returning
 o - 5 steel javelins
 q - 2 curare-tipped needles
 y - 6 javelins of returning
 J - a tomahawk (quivered)
 V - 5 large rocks
 W - 2 silver javelins
Armour
 k - the +1 hat of Fass {+Blink Int+6 Dex-3}
   (You bought it in a shop on level 10 of the Dungeon)

   It affects your intelligence (+6).
   It affects your dexterity (-3).
   It lets you blink.
 u - a +2 robe of resistance (worn)
 E - a +2 robe of positive energy
 N - a scarf of resistance (worn)
 S - a scarf of cloud immunity
Jewellery
 e - a ring of positive energy (right claw)
 f - an uncursed ring of ice
 A - a ring of ice (left claw)
 B - the ring "Quhun" {rN+ MR+ MP+9 Str-5 Int+4}
   (You found it on level 4 of the Dungeon)

   [ring of protection from magic]

   It affects your strength (-5).
   It affects your intelligence (+4).
   It protects you from negative energy.
   It affects your resistance to hostile enchantments.
   It affects your magic capacity (+9).
 K - an uncursed ring of resist corrosion
Wands
 H - a wand of disintegration (9/24)
 X - a wand of digging (13/24)
Scrolls
 c - 2 scrolls of fear
 n - 2 scrolls of teleportation
 s - 5 scrolls of remove curse
 C - 3 scrolls of amnesia
 L - a scroll of blinking
 U - a scroll of enchant armour
Potions
 g - 2 potions of flight
 j - a potion of curing
 l - 3 potions of cancellation
 t - 3 potions of ambrosia
 v - 4 potions of brilliance
 w - a potion of resistance
 D - 2 potions of magic
 F - 2 potions of agility
 I - a potion of invisibility
 P - a potion of berserk rage {unknown}
Books
 p - a book of Enchantments

   Spells                             Type                      Level
   a - Cause Fear                     Hexes                        4
   b - Yara's Violent Unravelling     Hexes/Transmutation          5
   c - Silence                        Hexes/Air                    5
   d - Deflect Missiles               Charms/Air                   6
   e - Discord                        Hexes                        8
 Q - a book of Changes

   Spells                             Type                      Level
   a - Beastly Appendage              Transmutation                1
   b - Sticks to Snakes               Transmutation                2
   c - Spider Form                    Transmutation/Poison         3
   d - Ice Form                       Ice/Transmutation            4
   e - Blade Hands                    Transmutation                5
Comestibles
 b - 16 bread rations
 m - 4 meat rations
 x - 4 fruits
 G - 3 royal jellies


   Skills:
 + Level 8.3 Fighting
 + Level 8.5 Throwing
 + Level 8.3 Dodging
 - Level 1.0 Stealth
 * Level 13.1 Unarmed Combat
 + Level 2.9 Transmutations
 + Level 6.8 Invocations


You had 9 spell levels left.
You knew the following spells:

 Your Spells              Type           Power        Failure   Level  Hunger
a - Beastly Appendage     Tmut           #.....       16%         1    ##.....
b - Sticks to Snakes      Tmut           #.......     24%         2    ###....


Dungeon Overview and Level Annotations

Branches:
Dungeon (13/15)            Temple (1/1) D:7            Lair (0/6) D:11
    Orc (0/2) D:10
 Vaults: D:13-14

Altars:
Ashenzari
Cheibriados
Dithmenos
Elyvilon
Fedhas
Gozag
Hepliaklqana
Kikubaaqudgha
Makhleb
Nemelex Xobeh
Okawaru
Qazlal
Ru
Sif Muna
Trog
Uskayaw
Vehumet
Xom
Yredelemnul
Zin
The Shining One

Shops:
D:10 [?[:*   D:12 }

Annotations:
D:13 Snorg


Innate Abilities, Weirdness & Mutations

You are too large for most types of armour.
You have claws for hands.
Your metabolism is lightning-fast.
You like to eat raw meat.
Your natural rate of healing is unusually fast.
You are covered in fur. (AC +1)
You have very tough skin. (AC +2)
You have large cloven feet.
You are robust. (+10% HP)
Your muscles are strong. (Str +2)


Message History

The gargoyle completely misses you.
You claw Snorg! Your kick misses Snorg.
Snorg is severely wounded.
Something hits you but does no damage.
Deactivating autopickup; reactivate with Ctrl-A.
Snorg barely misses you. Snorg closely misses you. Snorg claws you!
* * * LOW HITPOINT WARNING * * *
The manticore flicks its tail.
The volley of spikes hits you!
The barbed spikes become lodged in your body.
* * * LOW HITPOINT WARNING * * *
You fade into invisibility!
Snorg barely misses you. Snorg claws you but does no damage. Snorg claws you!
* * * LOW HITPOINT WARNING * * *
Something hits you.
* * * LOW HITPOINT WARNING * * *
The manticore flicks its tail.
The volley of spikes misses you.
The volley of spikes hits the gargoyle.
The gargoyle misses you. Snorg bites you!!
You die...

,,,####** ##.#
***+***** ,,,* #.#
*,,*** **** #.# **,,,*
#.# ***,* #.# *,** #.#
*,,, #####'####
********+ #......H.#
*,,,,,,,, #...T@.!.#
*,,,,,,,,
#...9(...#****,,,,,,,,
#....(...+,,,*,,,,,,,,
*
#........#**,+,,,,,,,,
* #....(...#
***,,,,,,,, *
#........# *,,,,,,,,
****** ####..####
*****+*** ,,,,,*
***,..##* **,***
****+** *,,,,,,,***
*,,**,


You could see Snorg (berserk), a manticore and a gargoyle.

Vanquished Creatures
  A frost giant (IceCv)
  Josephine (D:10)
  3 two-headed ogres
  Nergalle (D:12)
  The ghost of PinkishYellow the Grappler, a novice TrMo of the Shining One (D:8)
  3 skeletal warriors
  2 unseen horrors
  A deep elf mage (D:13)
  An ice statue (IceCv)
  A centaur zombie (D:12)
  An efreet (D:13)
  A rime drake (IceCv)
  A redback zombie (D:13)
  2 trolls
  18 polar bears (IceCv)
  A hippogriff (D:8)
  Sigmund (D:2)
  A spriggan (D:7)
  A vampire (D:9)
  A wyvern (D:10)
  Eustachio (D:6)
  4 wraiths
  28 yaks
  4 vampire mosquitoes (D:13)
  2 hungry ghosts
  Edmund (D:4)
  A water moccasin (D:12)
  An acid dragon (D:11)
  2 hell hounds (D:11)
  8 orc warriors
  2 sky beasts
  An ice beast (D:11)
  4 black bears
  3 phantoms
  An eye of draining (D:11)
  5 ogres
  13 wolves (IceCv)
  3 centaurs
  A big kobold (D:9)
  7 bullfrogs
  A scorpion (D:11)
  20 killer bees
  9 wights
  3 howler monkeys
  5 crimson imps
  A bullfrog zombie (D:11)
  A quasit (D:6)
  3 centaur skeletons
  2 jellies (D:12)
  5 orc priests
  6 hounds
  2 iguanas
  11 orc wizards
  Jessica (D:2)
  11 worker ants
  3 hound skeletons
  9 adders
  A shadow imp (D:11)
  12 white imps (D:13)
  An adder zombie (D:8)
  3 adder skeletons
  4 worms
  11 dart slugs
  8 leopard geckos
  65 orcs
  8 giant cockroaches
  11 goblins
  3 hobgoblins
  13 jackals
  13 kobolds
  2 quokkas
  2 ball pythons (D:1)
  5 bats
  3 frilled lizards
  A leopard gecko zombie (D:6)
  10 rats
404 creatures vanquished.

Vanquished Creatures (others)
  2 yaks (IceCv)
2 creatures vanquished.

Grand Total: 406 creatures vanquished

Notes
Turn   | Place    | Note
-------+----------+-------------------------------------------
     0 | D:1      | Lanoc the Troll Monk began the quest for the Orb.
     0 | D:1      | Reached XP level 1. HP: 22/22 MP: 0/0
    86 | D:1      | Reached XP level 2. HP: 29/29 MP: 1/1
   551 | D:2      | Noticed Sigmund
   566 | D:2      | Killed Sigmund
   566 | D:2      | Reached skill level 1 in Throwing
   566 | D:2      | Reached skill level 4 in Unarmed Combat
   566 | D:2      | Reached XP level 3. HP: 6/37 MP: 2/2
   566 | D:2      | Reached XP level 4. HP: 7/45 MP: 3/3
   566 | D:2      | Reached XP level 5. HP: 8/53 MP: 4/4
   896 | D:2      | Noticed Jessica
   898 | D:2      | Killed Jessica
  1589 | D:3      | Reached XP level 6. HP: 46/61 MP: 5/5
  1770 | D:3      | Found a snail-covered altar of Cheibriados.
  2192 | D:3      | Reached skill level 5 in Unarmed Combat
  2247 | D:3      | Found a deep blue altar of Sif Muna.
  2333 | D:4      | Noticed Edmund
  2354 | D:4      | Killed Edmund
  2574 | D:4      | Got a flickering lapis lazuli ring
  2575 | D:4      | Identified the ring "Quhun" {rN+ MR+ MP+9 Str-5 Int+4} (You found it on level 4 of the Dungeon)
  2893 | D:4      | Reached XP level 7. HP: 68/68 MP: 6/6
  3130 | D:4      | Found a hide-covered altar of Uskayaw.
  3130 | D:4      | Found a glowing golden altar of the Shining One.
  3220 | D:5      | Entered Level 5 of the Dungeon
  3490 | D:5      | Reached skill level 6 in Unarmed Combat
  4195 | D:6      | Noticed Eustachio
  4204 | D:6      | Reached XP level 8. HP: 78/78 MP: 7/7
  4215 | D:6      | Killed Eustachio
  4274 | D:6      | Reached skill level 7 in Unarmed Combat
  4331 | D:6      | Gained mutation: You have large cloven feet. [potion of mutation]
  4331 | D:6      | Gained mutation: Your muscles are strong. (Str +2) [potion of mutation]
  4331 | D:6      | Gained mutation: You are robust. (+10% HP) [potion of mutation]
  4379 | D:6      | Found a burning altar of Makhleb.
  4379 | D:6      | Noticed a blizzard demon
  4559 | D:6      | Reached skill level 5 in Dodging
  4805 | D:6      | Found a sparkling altar of Nemelex Xobeh.
  4805 | D:6      | Found a shadowy altar of Dithmenos.
  4965 | D:6      | Found a shattered altar of Ashenzari.
  5331 | D:7      | Found a staircase to the Ecumenical Temple.
  5385 | D:7      | Reached skill level 5 in Fighting
  5492 | D:7      | Reached XP level 9. HP: 96/96 MP: 8/8
  5582 | D:7      | Reached skill level 8 in Unarmed Combat
  5730 | D:7      | Found a deep blue altar of Sif Muna.
  5960 | D:7      | Reached skill level 5 in Throwing
  6284 | Temple   | Entered the Ecumenical Temple
  6577 | Temple   | Became a worshipper of Warmaster Okawaru
  6577 | Temple   | Reached * piety under Okawaru
  6577 | Temple   | Reached ** piety under Okawaru
  6890 | D:8      | Reached skill level 9 in Unarmed Combat
  6901 | D:8      | Reached skill level 1 in Invocations
  7290 | D:8      | Noticed PinkishYellow's ghost (novice TrMo)
  7293 | D:8      | Reached *** piety under Okawaru
  7306 | D:8      | Killed PinkishYellow's ghost
  7306 | D:8      | Reached XP level 10. HP: 35/107 MP: 10/10
  7644 | D:9      | Found a bloodstained altar of Trog.
  8226 | D:10     | Entered Level 10 of the Dungeon
  8283 | D:10     | Reached skill level 10 in Unarmed Combat
  8365 | D:10     | Found Xiabemed's Antique Armour Shop.
  8392 | D:10     | Killed an unseen horror
  8392 | D:10     | Reached **** piety under Okawaru
  8515 | D:10     | Found Naudgh's Armour Emporium.
  8571 | D:10     | Found Suqoid's Magic Scroll Emporium.
  8592 | D:10     | Noticed Josephine
  8602 | D:10     | Killed Josephine
  8625 | D:10     | Received a gift from Okawaru
  8810 | D:10     | Reached XP level 11. HP: 114/117 MP: 12/12
  8847 | D:10     | Noticed a two-headed ogre
  8856 | D:10     | Killed a two-headed ogre
  8856 | D:10     | Reached ***** piety under Okawaru
  8968 | D:10     | Found Ziexuf's Book Shop.
  9104 | D:10     | Found a staircase to the Orcish Mines.
  9290 | D:10     | Found Tuifuun's Assorted Antiques.
  9293 | D:10     | Bought an ancient hat for 243 gold pieces
  9298 | D:10     | Identified the +1 hat of Fass {+Blink Int+6 Dex-3} (You bought it in a shop on level 10 of the Dungeon)
  9325 | D:11     | Noticed a skeletal warrior
  9325 | D:11     | Noticed a skeletal warrior
  9325 | D:11     | Noticed a skeletal warrior
  9340 | D:10     | Killed a skeletal warrior
  9340 | D:10     | Received a gift from Okawaru
  9492 | D:11     | Killed a skeletal warrior
  9492 | D:11     | Received a gift from Okawaru
  9492 | D:11     | Reached skill level 11 in Unarmed Combat
  9663 | D:9      | Killed a skeletal warrior
  9795 | D:11     | Noticed a two-headed ogre
  9801 | D:11     | Killed a two-headed ogre
  9956 | D:11     | Received a gift from Okawaru
 10143 | D:11     | Found a staircase to the Lair.
 10631 | D:12     | Killed an unseen horror
 10631 | D:12     | Reached skill level 5 in Invocations
 10964 | D:12     | Found Loumegil's Gadget Shoppe.
 11156 | D:12     | Learned a level 1 spell: Beastly Appendage
 11191 | D:12     | Noticed Nergalle
 11226 | D:12     | Killed Nergalle
 11226 | D:12     | Received a gift from Okawaru
 11226 | D:12     | Reached skill level 12 in Unarmed Combat
 11226 | D:12     | Reached XP level 12. HP: 14/129 MP: 13/15
 11660 | D:13     | Found a frozen archway.
 11712 | IceCv    | Entered an ice cave
 11816 | IceCv    | Received a gift from Okawaru
 11959 | IceCv    | Reached skill level 1 in Transmutations
 11969 | IceCv    | Received a gift from Okawaru
 12091 | IceCv    | Reached ****** piety under Okawaru
 12091 | IceCv    | Received a gift from Okawaru
 12350 | IceCv    | Received a gift from Okawaru
 12497 | IceCv    | Noticed a frost giant
 12667 | IceCv    | HP: 6/130 [frost giant/battleaxe of freezing (2)]
 12674 | IceCv    | Killed a frost giant
 12674 | IceCv    | Received a gift from Okawaru
 12720 | IceCv    | Learned a level 2 spell: Sticks to Snakes
 13348 | D:13     | Reached skill level 13 in Unarmed Combat
 13387 | D:13     | Received a gift from Okawaru
 13387 | D:13     | Reached XP level 13. HP: 131/139 MP: 17/17
 13485 | D:13     | Noticed Snorg
 13494 | D:13     | Mangled by Snorg

Skill      XL: |  1  2  3  4  5  6  7  8  9 10 11 12 |
---------------+-------------------------------------+-----
Fighting       | 3 4 5 6 7 8 |  8.3
Throwing       | 1 2 3 4 5 6 7 8 |  8.5
Dodging        | 3 4 5 6 7 8 |  8.3
Unarmed Combat | 4 5 6 7 9 10 12 13 | 13.1
Invocations    | 2 3 5 6 |  6.8
Transmutations | 2 |  2.9
Stealth        | |  1.0

Action                   |  1- 3 |  4- 6 |  7- 9 | 10-12 | 13-15 || total
-------------------------+-------+-------+-------+-------+-------++-------
Melee: Unarmed           |    57 |   139 |   368 |   650 |    19 ||  1233
       Punch             |       |     2 |    10 |    43 |       ||    55
       Kick              |       |       |    48 |   232 |     9 ||   289
 Fire: Blowgun           |       |     1 |       |       |       ||     1
Throw: Tomahawk          |       |       |     7 |    67 |     6 ||    80
       Javelin           |       |       |       |     5 |       ||     5
       Large rock        |       |       |       |     7 |       ||     7
Invok: Heroism           |       |       |       |     1 |       ||     1
  Use: Scroll            |       |       |    21 |    18 |     1 ||    40
       Potion            |       |       |     1 |     8 |     1 ||    10
 Stab: Sleeping          |     3 |     7 |       |     2 |       ||    12
       Distracted        |       |       |     1 |     1 |       ||     2
  Eat: Chunk             |     7 |    24 |    42 |    53 |     3 ||   129
Armor: Robe              |    23 |    35 |   162 |   138 |     2 ||   360
Dodge: Dodged            |    33 |    82 |   291 |   398 |    18 ||   822
